 Dungeon Crawl Stone Soup version 0.18.1-48-g4cf74bf (webtiles) character file.

109 Kisielow the Shooter (level 4, -1/38 HPs)
             Began as a Centaur Hunter on July 7, 2016.
             Was a Follower of Fedhas.
             Killed from afar by an orc wizard (7 damage)
             ... with a magic dart
             ... on level 3 of the Dungeon.
             The game lasted 00:09:32 (2067 turns).

Kisielow the Shooter (Centaur Hunter)               Turns: 2067, Time: 00:09:32

Health: -1/38      AC:  4    Str: 14    XL:     4   Next: 59%
Magic:  4/4        EV:  4    Int: 10    God:    Fedhas [*.....]
Gold:   51         SH:  0    Dex: 11    Spells: 0 memorised, 3 levels left

rFire  . . .     SeeInvis .     a - +3 shortbow
rCold  . . .     Gourm    .     c - +0 leather armour
rNeg   . . .     Faith    .     (shield currently unavailable)
rPois  .         Spirit   .     (no helmet)
rElec  .         Dismiss  .     (no cloak)
rCorr  .         Reflect  .     (no gloves)
SustAt .         Harm     .     (no barding)
MR     .....                    j - amulet of regeneration
Stlth  +.........               (no ring)
                                (no ring)

@: drained, very quick, not resistant to hostile enchantments, very unstealthy
A: hooves 3, deformed body, speed 2, tough skin 3
a: Evolution, Renounce Religion


You were on level 3 of the Dungeon.
You worshipped Fedhas.
Fedhas was aware of your devotion.
You were not hungry.

You visited 1 branch of the dungeon, and saw 3 of its levels.

You collected 51 gold pieces.

Inventory:

Hand Weapons
 a - a +3 shortbow (weapon)
 b - a +0 short sword
Missiles
 d - 48 arrows (quivered)
Armour
 c - a +0 leather armour (worn)
Jewellery
 j - an amulet of regeneration (around neck)
 m - an uncursed amulet of harm
Potions
 e - 2 potions of haste
 l - a potion of lignification {unknown}
 q - a potion of brilliance {unknown}
 t - a potion of resistance {unknown}
 u - 2 potions of heal wounds
 x - a potion of invisibility {unknown}
Comestibles
 f - 3 bread rations
 g - a slice of pizza
 n - 2 meat rations
 w - a beef jerky


   Skills:
 + Level 3.0(2.2) Fighting
 + Level 6.0(5.2) Bows
 * Level 2.7(1.9) Dodging
 - Level 0.5(0.0) Stealth


You had 3 spell levels left.
You didn't know any spells.

Dungeon Overview and Level Annotations

Branches:
Dungeon (3/15)

Altars:
Fedhas

Annotations:
D:3 loom's ghost, amateur VSEn


Innate Abilities, Weirdness & Mutations

You have hooves in place of feet.
Armour fits poorly on your strangely shaped body.
You cover ground very quickly.
You have extremely tough skin (AC +3).


Message History

Your base Bows skill increases to level 6!
The orc hits you.
Your wandering mushroom releases spores at the orc!
The orc dies!
The orc priest calls down the wrath of Beogh upon you.
Beogh smites you!
Firing (i - inventory):
d - 49 arrows (quivered)
Press: ? - help, Shift-Dir - straight line, f - orc priest
Aim: an orc priest (moderately wounded)
You shoot an arrow. The arrow hits the orc priest!
The orc priest is almost dead.
The orc hits you with a flail!
* * * LOW HITPOINT WARNING * * *
The goblin closely misses you. The orc hits you with a flail.
* * * LOW HITPOINT WARNING * * *
The orc wizard points at you and mumbles some strange words.
The magic dart hits you!
You die...
Fedhas appreciates your contribution to the ecosystem.

# .####.######
......o@...#
......ogf?..#
.............#
....o...?....#
...(...$.....#
..(........$...
...(.........##
(...........##


You could see an orc priest, an orc wizard, an orc, a goblin and a friendly
wandering mushroom.

Vanquished Creatures
  An orc priest (D:3)
  3 adders (D:2)
  A worm (D:2)
  4 dart slugs (D:1)
  2 giant geckos (D:2)
  2 ball pythons
  5 giant cockroaches
  3 goblins
  5 hobgoblins
  3 kobolds
  4 bats
  A giant newt (D:3)
  6 rats
40 creatures vanquished.

Vanquished Creatures (collateral kills)
  An orc (D:3)
1 creature vanquished.

Grand Total: 41 creatures vanquished

Notes
Turn   | Place    | Note
--------------------------------------------------------------
     0 | D:1      | Kisielow the Centaur Hunter began the quest for the Orb.
     0 | D:1      | Reached XP level 1. HP: 17/17 MP: 1/1
   354 | D:1      | Reached XP level 2. HP: 22/24 MP: 2/2
   744 | D:1      | Reached XP level 3. HP: 30/30 MP: 3/3
  1557 | D:2      | Reached XP level 4. HP: 37/37 MP: 4/4
  1718 | D:2      | Found a faded altar to an unknown god.
  1733 | D:2      | Became a worshipper of Fedhas Madash
  1733 | D:2      | Reached * piety under Fedhas
  1884 | D:3      | Noticed loom's ghost (amateur VSEn)
  2065 | D:3      | Reached skill level 6 in Bows
  2067 | D:3      | Killed from afar by an orc wizard

Skill      XL: |  1  2  3  4 |
---------------+-------------+-----
Dodging        | 2 |  2.7
Fighting       | 3 |  3.0
Bows           | 6 |  6.0
Stealth        | |  0.5

Action                   |  1- 3 |  4- 6 || total
-------------------------+-------+-------++-------
 Fire: Shortbow          |   113 |    16 ||   129
Invok: Evolution         |       |     1 ||     1
  Use: Scroll            |       |     9 ||     9
  Eat: Chunk             |     1 |     1 ||     2
Armor: Leather armour    |    20 |     2 ||    22
Dodge: Dodged            |    19 |     5 ||    24
